 Dungeon Crawl Stone Soup version 0.21.1-1-g345015f (webtiles) character file.

4 shakethe the Firebug (level 1, -3/10 HPs)
             Began as a Tengu Fire Elementalist on Feb 9, 2018.
             Killed from afar by a dart slug (5 damage)
             ... with a slug dart
             ... on level 1 of the Dungeon.
             The game lasted 00:00:27 (102 turns).

shakethe the Firebug (Tengu Fire Elementalist)       Turns: 102, Time: 00:00:28

Health: -3/10      AC:  2    Str:  8    XL:     1   Next: 60%
Magic:  3/4        EV: 12    Int: 15    God:
Gold:   6          SH:  0    Dex: 14    Spells: 3/4 levels left

rFire    . . .     SeeInvis .   (no weapon)
rCold    . . .     Gourm    .   (no shield)
rNeg     . . .     Faith    .   a - +0 robe
rPois    .         Spirit   .   (helmet restricted)
rElec    .         Reflect  .   (no cloak)
rCorr    .         Harm     .   (no gloves)
MR       .....                  (boots unavailable)
Stlth    ++........             (no amulet)
HPRegen  0.03/turn              (no ring)
MPRegen  0.09/turn              (no ring)

@: no status effects
A: beak, talons 3
a: no special abilities


You were on level 1 of the Dungeon.
You were not hungry.

You visited 1 branch of the dungeon, and saw 1 of its levels.

You collected 6 gold pieces.

Inventory:

Armour
 a - a +0 robe (worn)
Books
 b - a book of Flames
Comestibles
 c - a ration


   Skills:
 - Level 2.1 Dodging
 - Level 2.0 Stealth
 + Level 2.0 Spellcasting
 * Level 1.7 Conjurations
 * Level 3.4 Fire Magic


You had 3 spell levels left.
You knew the following spells:

 Your Spells              Type           Power        Failure   Level  Hunger
a - Flame Tongue          Conj/Fire      #....        8%          1    #......


Dungeon Overview and Level Annotations

Branches:
Dungeon (1/15)

Altars:


Innate Abilities, Weirdness & Mutations

You have a beak for a mouth.
You have claws for feet.


Message History

Welcome, shakethe the Tengu Fire Elementalist.
Will you be the one to retrieve the fabulous Orb of Zot from the depths?
Found 4 gold pieces.
Found a staircase leading out of the dungeon.
Unknown command.
You now have 1 gold piece.
You now have 2 gold pieces (gained 1).
You now have 3 gold pieces (gained 1).
You now have 4 gold pieces (gained 1).
You now have 5 gold pieces (gained 1).
You now have 6 gold pieces (gained 1).
You open the door.
There is an open door here.
You open the door.
There is an open door here.
A bat comes into view.
You hit the bat. Your peck misses the bat. The bat barely misses you.
Aim: a bat (severely wounded)
The flame tongue misses the bat.
The bat barely misses you.
You now have 3/4 mp.
You closely miss the bat. The bat barely misses you.
The bat hits you but does no damage.
Aim: a bat (severely wounded)
The flame tongue hits the bat.
You kill the bat!
You now have 2/4 mp.
A kobold comes into view.
A frilled lizard and a goblin come into view.
The goblin shouts!
You can't see any susceptible monsters within range! (Use Z to cast anyway.) Unknown command.
The kobold shouts!
Aim: a goblin The flame tongue hits the goblin.
You kill the goblin!
You now have 1/4 mp.
Aim: a kobold The flame tongue hits the kobold.
You kill the kobold!
Aim: a frilled lizard The flame tongue hits the frilled lizard.
You kill the frilled lizard!
You now have 0/4 mp.
A dart slug comes into view.
Found a stone staircase leading down.
You see here a kobold corpse.
You butcher the kobold corpse.
You see here 2 inedible chunks of flesh {@w0}.
You see here a frilled lizard corpse.
You butcher the frilled lizard corpse.
You see here a chunk of flesh {@w0}.
You see here a chunk of flesh {@w0}.
The dart slug launches a dart at you. The slug dart hits you!
Ouch! That really hurt!
You see here 2 inedible chunks of flesh {@w0}.
You take 6 damage, and have 4/10 hp.
MASSIVE DAMAGE!!
The dart slug launches a dart at you. The slug dart hits you!
* * * LOW HITPOINT WARNING * * *
The dart slug launches a dart at you. The slug dart hits you!
Ouch! That really hurt!
You die...

######### #.......... ##.......##
#..........
######....<....#######...†......
##...................##..........
#...⌠....##'##....⌠...#......%...
#........#...#........#...w..%...
#........#8.8#........#..........
###########'###########....##%..#
#.....@..w.......##.#.#
##############...##.#.#
#.....##.#.# #.....##.#.#
#.....##.# ###...##.. #...# #...#
#...#


You could see a dart slug.

Vanquished Creatures
  A goblin (D:1)
  A kobold (D:1)
  A bat (D:1)
  A frilled lizard (D:1)
4 creatures vanquished.

Notes
Turn   | Place    | Note
-------+----------+-------------------------------------------
     0 | D:1      | shakethe the Tengu Fire Elementalist began the quest for the Orb.
     0 | D:1      | Reached XP level 1. HP: 10/10 MP: 4/4
    99 | D:1      | HP: 2/10 [dart slug/slug dart (3)]
   102 | D:1      | Killed from afar by a dart slug

Action                   || total
-------------------------++-------
Melee: Unarmed           ||     2
 Cast: Flame Tongue      ||     5
Armor: Robe              ||     1
Dodge: Dodged            ||     3

Vault maps used:
D:1:      giann_wishing_wells, minmay_unequal

Table legend:
 A = Turns spent in this place as a percentage of turns spent in the entire game.
 B = Non-inter-level travel turns spent in this place as a percentage of non-inter-level travel turns spent in the entire game.
 C = Inter-level travel turns spent in this place as a percentage of turns spent in this place.
 D = Turns resting spent in this place as a percentage of non-inter-level travel turns spent in this place.
 E = Turns spent auto-exploring this place as a percentage of non-inter-level travel turns spent in this place.
 F = Non-inter-level travel turns spent in this place divided by the number of levels of this place that you've seen.
                   A       B       C       D       E      F
               +-------+-------+-------+-------+-------+----------------------
         Total | 100.0 | 100.0 |   0.0 |   0.0 |  55.9 | 102.0
       Dungeon | 100.0 | 100.0 |   0.0 |   0.0 |  55.9 | 102.0
               +-------+-------+-------+-------+-------+----------------------

Table legend:
 A = Kills in this place as a percentage of kills in entire the game.
 B = Kills by you in this place as a percentage of kills by you in the entire game.
 C = Kills by friends in this place as a percentage of kills by friends in the entire game.
 D = Other kills in this place as a percentage of other kills in the entire game.
 E = Experience gained in this place as a percentage of experience gained in the entire game.
 F = Experience gained in this place divided by the number of levels of this place that you have seen.
                   A       B       C       D       E      F
               +-------+-------+-------+-------+-------+----------------------
         Total | 100.0 | 100.0 |   N/A |   N/A | 100.0 |   6.0
       Dungeon | 100.0 | 100.0 |   N/A |   N/A | 100.0 |   6.0
               +-------+-------+-------+-------+-------+----------------------
